 Dungeon Crawl Stone Soup version 0.31.0-1-g2c135a0 (webtiles) character file.

Game seed: 3730583295460936133

13066 mezmerelda the Covert (level 11, -1/56 HPs)
             Began as a Spriggan Enchanter on Jan 25, 2024.
             Was an Initiate of Gozag.
             Slain by a manticore (19 damage)
             ... on level 11 of the Dungeon.
             The game lasted 01:03:20 (13393 turns).

mezmerelda the Covert (Spriggan Enchanter)         Turns: 13393, Time: 01:03:21

Health: -1/56      AC:  4    Str: 10    XL:     11   Next: 70%
Magic:  23/25      EV: 20    Int: 23    God:    Gozag
Gold:   1295       SH:  0    Dex: 18    Spells: 20/28 levels left

rFire   . . .        b - +8 rapier "Erat" {heavy, rCorr Str+4}
rCold   . . .        (no shield)
rNeg    . . .        s - +2 robe of Hugo {rElec}
rPois   .            (helmet restricted)
rElec   +            G - scarf {+Inv}
rCorr   +            (gloves unavailable)
SInv    +            (boots unavailable)
Will    +....        L - amulet of the acrobat
Stlth   ++++++       N - +4 ring of slaying
HPRegen 0.29/turn    i - +6 ring of intelligence
MPRegen 0.19/turn

%: acrobat
@: very quick
A: very small, no large weapons, unfitting armour, see invisible, speed 3
a: Renounce Religion, Evoke Invisibility, Potion Petition, Call Merchant, Bribe
Branch


You were on level 11 of the Dungeon.
You worshipped Gozag.
Gozag was most pleased with you.
You visited 2 branches of the dungeon, and saw 12 of its levels.

You collected 2194 gold pieces.
You spent 525 gold pieces at shops.
You paid 374 gold pieces to Gozag.

Inventory:

Hand Weapons
 a - a +4 dagger of venom
 b - the +8 rapier "Erat" (weapon) {heavy, rCorr Str+4}
   (You found it on level 10 of the Dungeon)

   Str+4:     It affects your strength (+4).
   rCorr:     It protects you from acid and corrosion.
 w - a +3 dagger
Armour
 s - the +2 robe of Hugo (worn) {rElec}
   (You found it on level 2 of the Dungeon)

   rElec:     It insulates you from electricity.
 G - a scarf of invisibility (worn)
 J - a +0 cloak
Jewellery
 i - a +6 ring of intelligence (right hand)
 F - a ring of protection from cold
 L - an amulet of the acrobat (around neck)
 M - a +5 ring of evasion
 N - a +4 ring of slaying (left hand)
Wands
 p - a wand of flame (17)
 t - a wand of polymorph (7)
 y - a wand of iceblast (7)
 O - a wand of digging (7)
Scrolls
 g - a scroll of amnesia {unknown}
 l - 2 scrolls of revelation {unknown}
 m - 2 scrolls of silence
 n - 5 scrolls of teleportation
 o - 2 scrolls of noise {unknown}
 q - 2 scrolls of fear {unknown}
 r - 3 scrolls of immolation {unknown}
 x - 2 scrolls of vulnerability {unknown}
 B - 4 scrolls of enchant armour
 E - a scroll of fog {unknown}
 I - a scroll of torment {unknown}
 K - 2 scrolls of identify
 Q - a scroll of blinking {unknown}
Potions
 c - 2 potions of invisibility
 d - a potion of lignification {unknown}
 e - 3 potions of cancellation
 f - 5 potions of haste
 h - 2 potions of enlightenment
 j - 2 potions of ambrosia
 k - 4 potions of heal wounds
 u - 2 potions of curing
 v - a potion of might
 z - 3 potions of resistance
 A - 3 potions of brilliance
 C - 3 potions of degeneration
 D - 3 potions of magic
 H - 2 potions of attraction
 P - a potion of experience {unknown}


   Skills:
 - Level 6.0 Fighting
 + Level 10.2 Short Blades
 - Level 6.0 Dodging
 - Level 14.0 Stealth
 - Level 9.0 Spellcasting
 - Level 10.0 Hexes
 + Level 5.9 Evocations


You had 20 spell levels left.
You knew the following spells:

 Your Spells              Type           Power      Damage    Failure   Level
c - Confusing Touch       Hex            54%        N/A       1%          3
d - Tukima's Dance        Hex            54%        N/A       1%          3
e - Ensorcelled Hibernat  Hex/Ice        66%        N/A       1%          2

Your spell library contained the following spells:

 Spells                   Type           Power      Damage    Failure   Level
 Dazzling Flash           Conj/Hex       66%        N/A       2%          3
 Foxfire                  Conj/Fire      40%        2x1d6     6%          1
 Call Imp                 Summ           20%        N/A       10%         2
 Sublimation of Blood     Necr           10%        N/A       10%         2
 Hailstorm                Conj/Ice       10%        3d6       19%         3
 Mephitic Cloud           Conj/Alch/Air  10%        N/A       19%         3
 Passwall                 Erth           10%        N/A       19%         3
 Summon Ice Beast         Ice/Summ       10%        N/A       19%         3
 Swiftness                Air            10%        N/A       19%         3
 Silence                  Hex/Air        16%        N/A       22%         5
 Yara's Violent Unravell  Hex/Alch       16%        3d8       22%         5
 Animate Armour           Summ/Erth      20%        N/A       52%         4
 Passage of Golubria      Tloc           10%        N/A       52%         4
 Summon Lightning Spire   Summ/Air       10%        N/A       52%         4
 Curse of Agony           Necr           10%        N/A       86%         5
 Lee's Rapid Deconstruct  Erth           5%         3d6*      86%         5
 Plasma Beam              Fire/Air       5%         2x1d15    100%        6
 Sculpt Simulacrum        Ice/Alch       5%         N/A       100%        6
 Starburst                Conj/Fire      5%         6d4       100%        6
 Summon Cactus Giant      Summ           5%         N/A       100%        6
 Malign Gateway           Summ/Tloc      5%         N/A       100%        7
 Summon Hydra             Summ           5%         N/A       100%        7


Dungeon Overview and Level Annotations

Branches:
Dungeon (11/15)            Temple (1/1) D:7            Lair (0/5) D:8
    Orc (0/2) D:9

Altars:
Ashenzari
Cheibriados
Dithmenos
Elyvilon
Fedhas
Gozag
Hepliaklqana
Kikubaaqudgha
Makhleb
Nemelex Xobeh
Okawaru
Qazlal
Ru
Sif Muna
Trog
Uskayaw
Vehumet
Wu Jian
Xom
Yredelemnul
Zin
The Shining One

Shops:
D:6 *   D:8 ?


Innate Abilities, Weirdness & Mutations

You are very small and have problems with some larger weapons.
You are too small for most types of armour.
You have supernaturally acute eyesight. (SInv)
You cover ground extremely quickly. (Speed+++)


Message History

The acid dragon roars!
You barely miss the acid dragon. The acid dragon spits acid at you.
The splash of acid hits you. You resist.
You closely miss the acid dragon. The acid dragon bites you!
The acid dragon misses you.
You impale the acid dragon!!
The acid dragon is almost dead.
The acid dragon bites you but does no damage.
The acid dragon closely misses you.
Casting: Confusing Touch (safe; 1% risk of failure)
Confirm with . or Enter, or press ? or * to list all spells.
Your hands begin to glow red.
The acid dragon bites you! The acid dragon misses you.
You hit the acid dragon but do no damage.
The acid dragon appears confused.
The acid dragon is almost dead.
The acid dragon closely misses you. The acid dragon completely misses you.
You hit the acid dragon.
You kill the acid dragon!
You now have 1295 gold pieces (gained 11).
A manticore comes into view.
The manticore completely misses you. x3
Casting: Confusing Touch (safe; 1% risk of failure)
Confirm with . or Enter, or press ? or * to list all spells.
Your hands begin to glow red.
The manticore bites you. The manticore claws you.
The manticore completely misses you.
You hit the manticore but do no damage. The manticore closely misses you.
The manticore claws you! The manticore misses you.
You closely miss the manticore. The manticore misses you.
The manticore completely misses you. The manticore claws you.
You hit the manticore but do no damage.
The manticore appears confused.
You puncture the manticore! You punch the manticore.
The manticore is heavily wounded.
You impale the manticore!!
The manticore is almost dead.
The manticore bites you! The manticore completely misses you.
The manticore claws you! The manticore bites you!!
You die...
Your body crumbles into a pile of gold.

## ######
#.##....####
#..........#
#.........##
#..........#
#......@H#
##..#.#### # ##.###
##### ##.##
######.... #..##
######.......##
##..###.....######.#
##.....##### #.#
#.##.....## #.#
#.........# #.##


You could see a manticore (confused).

Vanquished Creatures
  A two-headed ogre (D:11)
  Urug (D:10)
  A deep elf pyromancer (D:9)
  An ugly thing (D:10)
  A gargoyle (D:11)
  Joseph (D:7)
  An unseen horror (D:11)
  Psyche (D:10)
  3 shadows
  A vampire (D:11)
  25 yaks
  A wraith (D:11)
  4 wyverns
  A basilisk (D:8)
  A steam dragon (D:6)
  4 vampire mosquitoes
  Edmund (D:4)
  2 acid dragons
  2 water moccasins (D:8)
  An ice beast (D:5)
  3 orc warriors
  2 sky beasts (D:7)
  A black bear (D:5)
  2 centaurs
  6 bullfrogs
  2 kobold brigands
  2 scorpions
  2 gnoll sergeants
  3 killer bees (D:10)
  4 electric eels
  4 howler monkeys
  4 hounds
  5 orc priests
  2 jellies (D:5)
  2 gnoll boudas (D:8)
  2 iguanas
  11 orc wizards
  2 adders
  11 gnolls
  2 white imps
  2 ufetubi (D:6)
  A ribbon worm (D:2)
  6 dart slugs
  19 orcs
  4 bats
  5 endoplasms
  5 giant cockroaches
  7 goblins
  7 hobgoblins
  6 jackals
  4 quokkas
  6 ball pythons
  2 frilled lizards
  14 kobolds
  4 rats
218 creatures vanquished.

Vanquished Creatures (collateral kills)
  A two-headed ogre (D:10)
  Sigmund (D:3)
  A centaur (D:9)
  6 gnolls
  An orc (D:9)
  A kobold (D:7)
11 creatures vanquished.

Vanquished Creatures (others)
  9 dancing weapons
9 creatures vanquished.

Grand Total: 238 creatures vanquished

Notes
Turn   | Place    | Note
-------+----------+-------------------------------------------
     0 | D:1      | mezmerelda the Spriggan Enchanter began the quest for the
                  | Orb.
     0 | D:1      | Reached XP level 1. HP: 9/9 MP: 5/5
   100 | D:1      | Reached XP level 2. HP: 13/13 MP: 6/6
   570 | D:1      | Reached skill level 5 in Stealth
   581 | D:1      | Reached XP level 3. HP: 16/16 MP: 8/8
   706 | D:2      | Learned a level 3 spell: Confusing Touch
   709 | D:2      | Learned a level 2 spell: Ensorcelled Hibernation
   857 | D:2      | Found a faded altar of an unknown god.
   933 | D:2      | Prayed at the altar of an unknown god.
   933 | D:2      | Became a worshipper of Gozag Ym Sagoz the Greedy
  1338 | D:2      | Identified the +2 robe of Hugo {rElec}
  1595 | D:3      | Reached XP level 4. HP: 21/21 MP: 9/9
  1622 | D:3      | Reached skill level 1 in Fighting
  1747 | D:3      | Noticed Sigmund
  1888 | D:3      | Got the Quarto of the Altered Gathering
  1896 | D:3      | Learned a level 3 spell: Tukima's Dance
  2332 | D:3      | Killed Sigmund
  2333 | D:3      | Reached skill level 6 in Stealth
  2333 | D:3      | Reached XP level 5. HP: 24/27 MP: 10/10
  2462 | D:4      | Reached skill level 7 in Stealth
  2462 | D:4      | Reached XP level 6. HP: 20/32 MP: 11/11
  2683 | D:4      | Found a shadowy altar of Dithmenos.
  2938 | D:4      | Noticed Edmund
  2975 | D:4      | Killed Edmund
  2976 | D:4      | Reached skill level 8 in Stealth
  3084 | D:4      | Found a shimmering blue altar of Sif Muna.
  3338 | D:4      | Reached skill level 9 in Stealth
  3338 | D:4      | Reached XP level 7. HP: 36/36 MP: 12/12
  3382 | D:5      | Entered Level 5 of the Dungeon
  3433 | D:5      | Found a glowing golden altar of the Shining One.
  3713 | D:5      | Reached skill level 10 in Stealth
  4112 | D:5      | Reached skill level 11 in Stealth
  4127 | D:5      | Reached skill level 12 in Stealth
  4337 | D:6      | Noticed a steam dragon
  4470 | D:6      | Killed a steam dragon
  4471 | D:6      | Reached XP level 8. HP: 29/40 MP: 10/13
  4795 | D:6      | Found Poisafok's Fire Supplies.
  6146 | D:7      | Noticed Joseph
  6223 | D:7      | Killed Joseph
  6224 | D:7      | Reached skill level 5 in Short Blades
  6224 | D:7      | Reached skill level 5 in Spellcasting
  6224 | D:7      | Reached skill level 5 in Hexes
  6256 | D:7      | Reached skill level 1 in Evocations
  6379 | D:7      | Found a staircase to the Ecumenical Temple.
  6391 | D:7      | Reached XP level 9. HP: 38/44 MP: 17/17
  6638 | Temple   | Entered the Ecumenical Temple
  6678 | D:7      | Found an iron altar of Okawaru.
  6793 | D:7      | Found a burning altar of Makhleb.
  7180 | D:8      | Reached skill level 5 in Evocations
  7267 | D:8      | Found a staircase to the Lair.
  7719 | D:8      | Reached skill level 5 in Fighting
  8148 | D:8      | Reached XP level 10. HP: 51/51 MP: 14/18
  8500 | D:8      | Found Niofo's Magic Scroll Shop.
  8505 | D:8      | Bought a scroll of teleportation for 42 gold pieces
  8505 | D:8      | Bought a scroll of enchant weapon for 105 gold pieces
  8505 | D:8      | Bought a scroll of enchant armour for 105 gold pieces
  8505 | D:8      | Bought a scroll of identify for 28 gold pieces
  8505 | D:8      | Bought a scroll of silence for 133 gold pieces
  8505 | D:8      | Bought a scroll of identify for 28 gold pieces
  8505 | D:8      | Bought 2 scrolls of teleportation for 84 gold pieces
  8867 | D:9      | Reached skill level 5 in Dodging
  9369 | D:9      | Noticed a deep elf pyromancer
  9675 | D:9      | Found a staircase to the Orcish Mines.
  9759 | D:9      | Killed a deep elf pyromancer
  9898 | D:9      | Found an opulent altar of Gozag.
 10003 | D:9      | Reached skill level 10 in Hexes
 10003 | D:9      | Reached skill level 13 in Stealth
 10264 | D:10     | Entered Level 10 of the Dungeon
 10358 | D:10     | Reached XP level 11. HP: 16/56 MP: 12/21
 10530 | D:10     | Noticed a two-headed ogre
 10573 | D:10     | Killed a two-headed ogre
 10574 | D:10     | Reached skill level 14 in Stealth
 10942 | D:10     | Noticed a purple ugly thing
 10957 | D:10     | Killed a purple ugly thing
 11043 | D:10     | Noticed Psyche
 11051 | D:10     | Killed Psyche
 11078 | D:10     | Noticed Urug
 11111 | D:10     | Killed Urug
 11449 | D:10     | Found an ornate altar of the Wu Jian Council.
 11665 | D:10     | Found a sacrificial altar of Ru.
 11851 | D:10     | Identified the +8 rapier "Erat" {heavy, rCorr Str+4}
 12924 | D:11     | Noticed a two-headed ogre
 12949 | D:11     | Killed a two-headed ogre
 12950 | D:11     | Reached skill level 10 in Short Blades
 13393 | D:11     | Slain by a manticore

Illustrated notes

Levels and vault maps discovered:
D:1:      mrwooster_arrival_statue_2, layout_rooms, minivault_25
D:2:      kennysheep_big_flooded_room, layout_basic,
          hellmonk_ecumenical_altar_arch_garden
D:3:      layout_basic, minivault_24, nrook_mini_backslash, uniq_sigmund
D:4:      layout_loops_ring, nicolae_dithmenos_through_a_glass_darkly,
          general_overflow_altar, serial_bayou_crossing, uniq_edmund
D:5:      layout_gridville, mainiacjoe_overflow_six_doors_small,
          roderic_lattice_a
D:6:      wad_lake_hut, layout_layer_cave, nicolae_shop_fire_sale
          [nicolae_sub_dead_trees]
D:7:      layout_rooms, lemuel_tele_altar, lightli_temple_of_fire,
          minmay_temple_entry_stoned_glass, uniq_joseph
D:8:      layout_basic, minmay_lair_entry_grove, serial_shops, shop,
          minmay_misc_feat_plants, minmay_misc_feat_more_columns
D:9:      layout_irregular_city, grunt_gozag_breadcrumbs, orc_0_dummy,
          chequers_serial_rivers_small_3
D:10:     layout_irregular_city, pdpol_wu_jian_five_deadly_venoms,
          nicolae_ru_sacrificial_ziggurat, serial_co_window_serial,
          co_window_cross_1, co_window_of_opportunity_a, co_window_paths_b,
          co_window_of_opportunity_a, co_window_corner_a, co_window_paths_c,
          co_window_paths_c, co_window_corner_b, co_window_corner_b,
          co_window_corner_ca, co_window_4corner_a, uniq_urug, uniq_psyche
D:11:     layout_cave_pods, minmay_curled_crystal, minivault_4, kennysheep_dice
Temple:   nicolae_temple_ecumenical_triangle

Skill      XL: |  1  2  3  4  5  6  7  8  9 10 11 |
---------------+----------------------------------+-----
Dodging        | 3 6 |  6.0
Spellcasting   | 3 5 6 9 |  9.0
Hexes          | 4 6 7 10 | 10.0
Stealth        | 5 6 7 9 12 13 14 | 14.0
Short Blades   | 2 3 5 7 8 10 | 10.2
Fighting       | 2 3 5 6 |  6.0
Evocations     | 3 5 |  5.9

Action                     |  1- 3 |  4- 6 |  7- 9 | 10-12 || total
---------------------------+-------+-------+-------+-------++-------
  Melee: Dagger            |   118 |   107 |   228 |   250 ||   703
         Punch             |     1 |     2 |     3 |     8 ||    14
         Rapier            |       |       |       |    43 ||    43
   Cast: Ensorcelled Hiber |     5 |     1 |     2 |       ||     8
         Confusing Touch   |     1 |     2 |    17 |    38 ||    58
         Tukima's Dance    |       |     3 |    16 |    19 ||    38
 Invoke: Potion Petition   |       |     1 |       |       ||     1
    Use: Scroll            |       |       |       |    14 ||    14
   Stab: Sleeping          |    11 |     6 |    21 |    14 ||    52
         Distracted        |       |     1 |     1 |     5 ||     7
         Confused          |       |       |    16 |    29 ||    45
 Armour: Robe              |    33 |    27 |    76 |    97 ||   233
  Dodge: Dodged            |    75 |    50 |   114 |   177 ||   416
